 Dungeon Crawl Stone Soup version 0.30.1 (webtiles) character file.

Game seed: 11826459894442778083

217911 AgateBread the Warrior (level 18, -1/196 HPs)
             Began as a Demonspawn Gladiator on July 9, 2023.
             Was a High Priest of Jiyva.
             Shot with an arrow by a ghostly deep elf master archer (13 damage)
             ... on level 3 of the Elven Halls.
             The game lasted 02:37:41 (35912 turns).

AgateBread the Warrior (Demonspawn Gladiator)      Turns: 35912, Time: 02:37:45

Health: -1/196     AC: 41    Str: 19    XL:     18   Next: 40%
Magic:  0/20       EV: 18    Int:  8    God:    Jiyva [*****.]
Gold:   351        SH: 11    Dex: 24    Spells: 17/17 levels left

rFire   + . .        H - +2 demon blade (flame)
rCold   + . .        V - +3 warlock's mirror {omnireflect}
rNeg    + + +        v - +8 chain mail "Derarep" {rF- rN+++ MP-9}
rPois   +            (helmet unavailable)
rElec   +            Q - +2 cloak {Will+}
rCorr   +            E - +2 pair of gloves
SInv    .            d - +2 pair of boots
Will    ++...        b - amulet of guardian spirit Stlth
                     k - ring of protection from cold
HPRegen 1.96/turn    R - ring of poison resistance
MPRegen 0.62/turn

%: reflection, clarity, guardian spirit
@: about to teleport, sanguine armoured
A: horns 3, foul stench 3, spiny 2, sanguine armour 3, agile 1, clarity, fire
resistance 2, robust 3, electricity resistance, strong 1, eyeballs 1,
translucent skin 1, tendrils
}: 1/15 runes: barnacled
a: Renounce Religion, Oozemancy, Slimify


You were on level 3 of the Elven Halls.
You worshipped Jiyva.
Jiyva was extremely pleased with you.
You visited 6 branches of the dungeon, and saw 27 of its levels.
You also visited: Sewer.

You collected 1901 gold pieces.
You spent 1550 gold pieces at shops.

Inventory:

Hand Weapons
 g - a +1 longbow of flaming
 C - the +8 falchion "Mifatum" {heavy, Int+3 Dex+2}
   (You found it on level 3 of the Elven Halls)

   Int:       It affects your intelligence (+3).
   Dex:       It affects your dexterity (+2).
 H - a +2 demon blade of flaming (weapon)
 T - a +1 demon blade of electrocution
Missiles
 f - 5 silver javelins
 h - 6 throwing nets
Armour
 d - a +2 pair of boots (worn)
 s - a +2 kite shield
 v - the +8 chain mail "Derarep" (worn) {rF- rN+++ MP-9}
   (You found it on level 4 of the Shoals)

   rF:        It makes you vulnerable to fire.
   rN:        It renders you almost immune to negative energy.
   MP:        It affects your magic capacity (-9).
 E - a +2 pair of gloves (worn)
 M - +0 steam dragon scales
 Q - a +2 cloak of willpower (worn)
 V - the +3 warlock's mirror (worn) {omnireflect}
   (You acquired it on level 9 of the Dungeon)

   Omnireflect: It can block and reflect piercing ranged attacks and magical
   attacks against the wielder's willpower.
Magical Staves
 t - the staff of death "Vefajouj" {rElec rN+ Will- Dex+4}
   (You found it on level 4 of the Shoals)

   [staff of death]

   Base accuracy: +5 Base damage: 5 Base attack delay: 1.2 This weapon's minimum
   attack delay (0.6) is reached at skill level 12.
   Dex:       It affects your dexterity (+4).
   rElec:     It insulates you from electricity.
   rN:        It protects you from negative energy.
   Will:      It decreases your willpower.
   It falls into the 'Staves' category.
   It is a one-handed weapon.
Jewellery
 b - an amulet of guardian spirit (around neck)
 e - a ring of magical power
 k - a ring of protection from cold (left hand)
 B - a +6 ring of dexterity
 G - an amulet of faith
 R - a ring of poison resistance (right hand)
Wands
 w - a wand of flame (11)
 z - a wand of acid (3)
 J - a wand of polymorph (13)
 N - a wand of mindburst (1)
 P - a wand of digging (13)
Scrolls
 j - a scroll of poison
 n - a scroll of fear
 r - 13 scrolls of vulnerability
 y - 8 scrolls of enchant weapon
 D - 2 scrolls of enchant armour
 F - 2 scrolls of immolation
 K - 5 scrolls of amnesia
 S - 3 scrolls of identify
 X - a scroll of summoning
Potions
 c - 3 potions of might
 i - a potion of cancellation
 l - 2 potions of attraction
 m - 3 potions of lignification
 o - 3 potions of mutation
 p - a potion of haste
 q - 3 potions of invisibility
 u - a potion of ambrosia
 I - 4 potions of curing
 L - 2 potions of berserk rage
 O - 3 potions of magic
 Y - 2 potions of brilliance
Miscellaneous
 x - a phial of floods
 A - a box of beasts
 U - a lightning rod (4/4) (quivered)
 Z - a phantom mirror


   Skills:
 - Level 16.0 Fighting
 - Level 14.2 Long Blades
 - Level 1.7 Throwing
 - Level 10.0 Armour
 + Level 14.3 Dodging
 - Level 10.0 Shields
 - Level 15.0 Invocations
 + Level 11.9 Evocations


You had 17 spell levels left.
You didn't know any spells.
Your spell library contained the following spells:

 Spells                   Type           Power      Damage    Failure   Level
 Apportation              Tloc           0%         N/A       97%         1
 Beastly Appendage        Tmut           0%         N/A       97%         1
 Necrotise                Necr           0%         1d4       97%         1
 Shock                    Conj/Air       0%         1d3       97%         1
 Sting                    Tmut/Pois      0%         1d3       97%         1
 Summon Small Mammal      Summ           0%         N/A       97%         1
 Blink                    Tloc           0%         N/A       99%         2
 Lesser Beckoning         Tloc           0%         N/A       99%         2
 Momentum Strike          Conj/Tloc      0%         3d8       99%         2
 Poisonous Vapours        Pois/Air       0%         N/A       99%         2
 Static Discharge         Conj/Air       0%         2-2/arc   99%         2
 Sublimation of Blood     Necr           0%         N/A       99%         2
 Wereblood                Tmut           0%         N/A       99%         2
 Dazzling Flash           Conj/Hex       0%         N/A       100%        3
 Hailstorm                Conj/Ice       0%         3d3       100%        3
 Spider Form              Tmut/Pois      0%         N/A       100%        3
 Swiftness                Air            0%         N/A       100%        3
 Volatile Blastmotes      Fire/Tloc      0%         2d10      100%        3
 Airstrike                Air            0%         2d(0-16)  100%        4
 Cause Fear               Hex            0%         N/A       100%        4
 Fulminant Prism          Conj/Hex       0%         3d5       100%        4
 Ice Form                 Ice/Tmut       0%         N/A       100%        4
 Iskenderun's Mystic Bla  Conj/Tloc      0%         2d3       100%        4
 Olgreb's Toxic Radiance  Pois           0%         N/A       100%        4
 Petrify                  Tmut/Erth      0%         N/A       100%        4
 Summon Lightning Spire   Summ/Air       0%         N/A       100%        4
 Agony                    Necr           0%         N/A       100%        5
 Blade Hands              Tmut           0%         N/A       100%        5
 Irradiate                Conj/Tmut      0%         3d11      100%        5
 Lee's Rapid Deconstruct  Erth           0%         3d4*      100%        5
 Silence                  Hex/Air        0%         N/A       100%        5
 Simulacrum               Ice/Necr       0%         N/A       100%        6
 Dragon Form              Tmut           0%         N/A       100%        7
 Monstrous Menagerie      Summ           0%         N/A       100%        7
 Spellforged Servitor     Conj/Summ      0%         N/A       100%        7
 Dragon's Call            Summ           0%         N/A       100%        9


Dungeon Overview and Level Annotations

Branches:
Dungeon (12/15)            Temple (1/1) D:6            Lair (5/5) D:9
 Shoals (4/4) Lair:3       Spider (0/4) Lair:3        Slime (0/5) Lair:4
    Orc (2/2) D:12            Elf (3/3) Orc:2         Sewer (visited)

Altars:
Ashenzari
Cheibriados
Dithmenos
Fedhas
Gozag
Hepliaklqana
Kikubaaqudgha
Makhleb
Nemelex Xobeh
Okawaru
Qazlal
Ru
Sif Muna
Trog
Uskayaw
Vehumet
Wu Jian
Xom
Yredelemnul
Jiyva

Shops:
D:10 :   Orc:1 *   Orc:2 :!(*   Elf:1 ?:[[=   Elf:2 =   Shoals:3 *   Shoals:4 *

Portals:
Pandemonium: Orc:2

Annotations:
D:4 2 transporters, 0gre's ghost, novice GnIE


Innate Abilities, Weirdness & Mutations

You have a pair of large horns on your head.
You frequently emit foul miasma when damaged in melee.
You are mostly covered in sharp spines.
When seriously injured, your blood forms very thick armour. (AC +12)
You are agile. (Dex +4, Str/Int -1)
You possess an exceptional clarity of mind.
Your flesh is very heat resistant. (rF++)
You are extremely robust. (+30% HP)
You are resistant to electric shocks. (rElec)
Your muscles are strong. (Str +4, Int/Dex -1)
Your body has grown eyes which may confuse attackers. (Acc +3)
Your translucent skin slightly reduces your foes' accuracy. (Stealth+)
You are covered in slimy tendrils that may disarm your opponents.


Message History

The deep elf elementalist is engulfed in dark miasma.
The deep elf elementalist is poisoned.
The deep elf elementalist is struck by your spines.
The deep elf elementalist hits you with a +0 short sword.
* * * LOW HITPOINT WARNING * * *
The deep elf death mage barely misses you.
The deep elf annihilator gestures wildly while chanting.
The deep elf annihilator blinks!
The deep elf annihilator is engulfed in dark miasma.
The deep elf annihilator is poisoned.
The deep elf annihilator seems to slow down.
The deep elf annihilator casts a spell at you.
Your +3 warlock's mirror {omnireflect} blocks the crystal spear... and reflects it back!
The crystal spear hits the deep elf annihilator!!!
The deep elf death mage hits you from afar with a +4 halberd of flaming!
* * * LOW HITPOINT WARNING * * *
The deep elf death mage burns you.
* * * LOW HITPOINT WARNING * * *
The deep elf death mage closely misses you.
The ghostly deep elf master archer shoots an arrow.
The arrow hits you!!
* * * LOW HITPOINT WARNING * * *
The deep elf archer shoots an arrow.
The arrow misses you.
The arrow barely misses the deep elf death mage.
The arrow hits the deep elf annihilator!!
Okay, then.
Okay, then.
Magic courses through your body.
The deep elf annihilator is no longer moving slowly.
The ghostly deep elf sorcerer is struck by your spines.
The ghostly deep elf sorcerer hits you.
* * * LOW HITPOINT WARNING * * *
You emit a cloud of foul miasma!
The deep elf elementalist is engulfed in dark miasma.
The deep elf elementalist looks even sicker.
The deep elf elementalist is struck by your spines.
The deep elf elementalist misses you.
The ghostly deep elf master archer shoots an arrow.
The arrow hits you!!
You die...

.......)..).............#...#
........................#...#
........................#...#
........................#...#
#########################...#
..............*.e...........#
..............e.............#
..J............e.e..........#
##'##########..e@e.##########
.............*.)ee..§.....
..............))ee..[.....
#############.*†Ee..######
#..†#..## ##..#..# #..#..# #
####.)# #### e.. #.[# ....#


You could see a ghostly deep elf master archer, 3 deep elf annihilators, 4 deep
elf death magi, a ghostly deep elf sorcerer (fast), a deep elf elementalist
(fast, repels missiles, very poisoned), a deep elf archer (repels missiles), an
earth elemental (summoned) and 3 lost souls.

Vanquished Creatures
  Mara (Shoals:3)
  A deep elf blademaster (Elf:3)
  A deep elf master archer (Elf:3)
  Kirke (D:11)
  Donald (Shoals:1)
  2 deep elf sorcerers (Elf:3)
  5 deep elf elementalists
  An orc warlord (Orc:2)
  3 deep elf demonologists (Elf:3)
  Nessos (D:12)
  5 deep elf annihilators (Elf:3)
  A deep elf death mage (Elf:3)
  5 merfolk javelineers
  A deep elf high priest (Elf:3)
  8 merfolk impalers
  3 hydras (Lair:5)
  2 catoblepae
  4 merfolk avatars
  3 demonspawn (Orc:2)
  2 satyrs
  34 dancing weapons
  3 two-headed ogres
  3 merfolk aquamancers
  2 centaur warriors
  A deep troll shaman (Lair:5)
  9 orc high priests
  20 deep elf knights
  9 death yaks
  4 skysharks
  11 sea snakes
  7 skeletal warriors
  A lindwurm (Lair:3)
  Pikel (D:3)
  20 deep elf archers
  8 harpies
  39 deep elf zephyrmancers
  9 orc sorcerers
  6 orc knights (Orc:2)
  35 deep elf pyromancers
  6 cyclopes
  An ugly thing (D:12)
  10 manticores
  19 fauns
  Maurice (D:12)
  10 merfolk sirens
  15 elephants
  A black mamba (shapeshifter) (Elf:3)
  6 black mambas
  7 water nymphs
  12 cane toads
  A gargoyle (D:12)
  5 komodo dragons
  8 rime drakes
  3 harpy zombies (Shoals:3)
  40 merfolk
  6 trolls
  8 wind drakes
  4 polar bears
  A hornet (D:9)
  26 blink frogs
  14 dream sheep
  11 snapping turtles
  A shadow (D:11)
  12 water elementals
  An air elemental (Elf:2)
  2 vampires
  2 wraiths
  2 fire elementals
  A hog (D:11)
  3 wyverns
  34 yaks
  An unseen horror simulacrum (D:10)
  7 basilisks
  A redback (Lair:3)
  4 steam dragons
  4 vampire mosquitoes
  Menkaure (D:4)
  4 wargs
  2 acid dragons
  13 water moccasins
  Pargi (Sewer)
  32 orc warriors
  2 black bears
  3 sky beasts
  An ice beast (D:8)
  A manticore zombie (Shoals:3)
  5 ogres
  21 wolves
  2 centaurs
  2 kobold brigands
  12 bullfrogs
  Blork the orc (D:5)
  A gnoll sergeant (D:10)
  4 scorpions
  An earth elemental (Elf:2)
  11 wights
  3 killer bees (D:8)
  5 electric eels
  A jelly (Shoals:2)
  3 hounds
  24 orc priests
  2 iguanas
  15 orc wizards
  A centaur simulacrum (D:10)
  5 gnolls (D:10)
  8 adders
  6 white imps
  2 ufetubi (D:5)
  3 worms
  A dart slug (D:2)
  61 orcs
  A bat zombie (Shoals:3)
  8 endoplasms
  3 giant cockroaches
  9 goblins
  6 hobgoblins
  2 jackals (D:3)
  5 quokkas
  7 ball pythons
  8 bats
  4 frilled lizards
  9 kobolds
  3 rats (D:1)
  A tentacle (Shoals:1)
889 creatures vanquished.

Vanquished Creatures (collateral kills)
  A kraken (Shoals:1)
  A hydra (Lair:4)
  A skyshark (Lair:4)
  A basilisk (D:9)
  An orc (D:9)
  A ball python (D:3)
  3 kobolds (D:8)
  2 tentacles (Shoals:1)
11 creatures vanquished.

Vanquished Creatures (others)
  The ghost of nroviw the Brawler, a journeyman TrFi of Wu Jian (Shoals:3)
  A deep elf sorcerer (Elf:3)
  A merfolk avatar (Shoals:4)
  3 deep elf knights (Elf:2)
  2 deep elf zephyrmancers (Elf:3)
  A deep elf pyromancer (Elf:1)
  3 manticores
  2 merfolk sirens
  A water nymph (Shoals:2)
  2 rime drakes
  3 slime creatures (D:12)
  3 humans (D:12)
  A yak (D:9)
  An orc warrior (Orc:2)
  A black bear (Lair:5)
  2 wolves (Lair:4)
  94 jellies
  2 orc priests (Orc:2)
  An orc wizard (D:11)
  7 orcs
  19 tentacles
151 creatures vanquished.

Grand Total: 1051 creatures vanquished

Notes
Turn   | Place    | Note
-------+----------+-------------------------------------------
     0 | D:1      | AgateBread the Demonspawn Gladiator began the quest for the
                  | Orb.
     0 | D:1      | Reached XP level 1. HP: 16/16 MP: 1/1
   417 | D:1      | Gained mutation: When seriously injured, your blood forms
                  | armour. (AC +12) [demonic ancestry]
   417 | D:1      | Reached XP level 2. HP: 19/22 MP: 2/2
  1032 | D:2      | Reached XP level 3. HP: 28/28 MP: 3/3
  1279 | D:2      | Got the Anthology of Generation and the Arsonist
  1918 | D:3      | Reached skill level 3 in Fighting
  1918 | D:3      | Gained mutation: You have a pair of small horns on your
                  | head. [demonic ancestry]
  1918 | D:3      | Reached XP level 4. HP: 27/35 MP: 4/4
  2079 | D:3      | Found a glowing drain.
  2125 | Sewer    | Entered a sewer
  2167 | Sewer    | Noticed Pargi
  2181 | Sewer    | Killed Pargi
  2182 | Sewer    | Reached XP level 5. HP: 27/42 MP: 5/5
  3160 | D:3      | Found a bloodstained altar of Trog.
  3329 | D:4      | Noticed Pikel
  3329 | D:4      | Noticed a lemure
  3329 | D:4      | Noticed a lemure
  3329 | D:4      | Noticed a lemure
  3329 | D:4      | Noticed a lemure
  3345 | D:3      | Killed Pikel
  3346 | D:3      | Reached skill level 5 in Fighting
  3346 | D:3      | Reached skill level 5 in Long Blades
  3346 | D:3      | Reached skill level 5 in Dodging
  3346 | D:3      | Reached XP level 6. HP: 16/51 MP: 6/6
  3346 | D:3      | Gained mutation: You are partially covered in sharp spines.
                  | [demonic ancestry]
  3346 | D:3      | Reached XP level 7. HP: 18/56 MP: 7/7
  3607 | D:4      | Found a transporter.
  3610 | D:4      | Noticed 0gre's ghost (novice GnIE)
  3765 | D:4      | Found a transporter.
  3898 | D:4      | Noticed Menkaure
  3901 | D:4      | Killed Menkaure
  4167 | D:5      | Entered Level 5 of the Dungeon
  4179 | D:5      | Noticed Blork the orc
  4187 | D:5      | Killed Blork the orc
  4526 | D:5      | Reached XP level 8. HP: 52/64 MP: 8/8
  4842 | D:5      | Reached skill level 6 in Fighting
  5707 | D:6      | Gained mutation: You are frail. (-10% HP) [potion of
                  | mutation]
  5707 | D:6      | Gained mutation: Your mind is acute. (Int +4, Str/Dex -1)
                  | [potion of mutation]
  6039 | D:6      | Found an iron altar of Okawaru.
  6085 | D:6      | Found a staircase to the Ecumenical Temple.
  6093 | Temple   | Entered the Ecumenical Temple
  6199 | D:6      | Reached skill level 7 in Fighting
  6229 | D:6      | Reached XP level 9. HP: 64/64 MP: 9/9
  9304 | D:8      | Reached skill level 8 in Fighting
  9335 | D:8      | Noticed a two-headed ogre
  9342 | D:8      | Killed a two-headed ogre
  9641 | D:8      | Gained mutation: When seriously injured, your blood forms
                  | thick armour. (AC +12) [demonic ancestry]
  9641 | D:8      | Reached XP level 10. HP: 28/73 MP: 8/10
  9651 | D:8      | Reached skill level 9 in Fighting
  9993 | D:9      | Reached skill level 1 in Armour
  9993 | D:9      | Reached skill level 1 in Evocations
 10303 | D:9      | Noticed a two-headed ogre
 10307 | D:9      | Killed a two-headed ogre
 10451 | D:9      | Reached skill level 10 in Fighting
 10793 | D:9      | Found a staircase to the Lair.
 10928 | D:9      | Reached XP level 11. HP: 34/81 MP: 11/11
 11440 | Lair:1   | Entered Level 1 of the Lair of Beasts
 11461 | D:9      | Identified a scroll of acquirement
 11461 | D:9      | Acquired the +3 warlock's mirror {omnireflect}
 11461 | D:9      | Found the +3 warlock's mirror {omnireflect}
 12109 | D:10     | Entered Level 10 of the Dungeon
 12121 | D:10     | Reached skill level 5 in Evocations
 12407 | D:10     | Noticed a two-headed ogre
 12430 | D:9      | Reached skill level 5 in Armour
 12739 | D:10     | Killed a two-headed ogre
 13207 | D:10     | Found Lefigyux's Book Boutique.
 15493 | Lair:1   | Reached skill level 1 in Shields
 15826 | Lair:1   | Gained mutation: You may rarely emit foul miasma when
                  | damaged in melee. [demonic ancestry]
 15826 | Lair:1   | Reached XP level 12. HP: 84/87 MP: 12/12
 17987 | Lair:4   | Noticed a five-headed hydra
 18351 | Lair:3   | Reached skill level 10 in Long Blades
 18352 | Lair:3   | HP: 3/87 [blink frog (3)]
 18653 | Lair:3   | Reached skill level 5 in Shields
 19066 | Lair:3   | Found a staircase to the Shoals.
 19178 | Lair:3   | Found a hole to the Spider Nest.
 19210 | Lair:4   | Found a staircase to the Slime Pits.
 19210 | Lair:4   | Noticed a catoblepas
 19232 | Lair:4   | Killed a catoblepas
 19234 | Lair:4   | Found a viscous altar of Jiyva.
 19244 | Lair:4   | Became a worshipper of Jiyva Jolevual the Shapeless
 19387 | Lair:4   | Gained mutation: You have a pair of horns on your head.
                  | [demonic ancestry]
 19387 | Lair:4   | Reached XP level 13. HP: 71/92 MP: 13/13
 19884 | Lair:4   | Reached * piety under Jiyva
 20168 | Lair:4   | Reached skill level 10 in Armour
 20876 | Lair:3   | Reached ** piety under Jiyva
 22123 | Lair:5   | Entered Level 5 of the Lair of Beasts
 22505 | Lair:5   | Reached *** piety under Jiyva
 22623 | Lair:5   | Lost mutation: Your mind is acute. (Int +4, Str/Dex -1)
                  | [Jiyva's grace]
 22623 | Lair:5   | Lost mutation: You are frail. (-10% HP) [Jiyva's grace]
 22623 | Lair:5   | Gained mutation: Your body has grown eyes which may confuse
                  | attackers. (Acc +3) [Jiyva's grace]
 22623 | Lair:5   | Gained mutation: Your body has grown many eyes which may
                  | confuse attackers. (Acc +5) [Jiyva's grace]
 22623 | Lair:5   | Gained mutation: Your body is covered in eyes which may
                  | confuse attackers. (Acc +7, SInv) [Jiyva's grace]
 22623 | Lair:5   | Gained mutation: You are covered in slimy tendrils that may
                  | disarm your opponents. [Jiyva's grace]
 22729 | Lair:5   | Reached **** piety under Jiyva
 22856 | Lair:5   | Reached skill level 11 in Fighting
 23269 | Lair:5   | Gained mutation: You sometimes emit foul miasma when
                  | damaged in melee. [demonic ancestry]
 23269 | Lair:5   | Reached XP level 14. HP: 95/113 MP: 14/14
 23948 | D:11     | Reached skill level 1 in Invocations
 24346 | D:11     | Reached ***** piety under Jiyva
 24995 | D:12     | Lost mutation: Your body is covered in eyes which may
                  | confuse attackers. (Acc +7, SInv) [Jiyva's grace]
 24995 | D:12     | Gained mutation: You are agile. (Dex +4, Str/Int -1)
                  | [Jiyva's grace]
 24995 | D:12     | Gained mutation: You are very agile. (Dex +8, Str/Int -2)
                  | [Jiyva's grace]
 24995 | D:12     | Gained mutation: Your flesh is cold resistant. (rC+)
                  | [Jiyva's grace]
 24995 | D:12     | Gained mutation: Your flesh is very cold resistant. (rC++)
                  | [Jiyva's grace]
 24998 | D:12     | Noticed Kirke
 25168 | D:11     | Killed Kirke
 25196 | D:12     | Noticed Maurice
 25222 | D:12     | Killed Maurice
 25697 | D:12     | Found a staircase to the Orcish Mines.
 25721 | D:12     | Noticed Nessos
 25733 | D:12     | Killed Nessos
 25757 | Orc:1    | Entered Level 1 of the Orcish Mines
 25862 | Orc:1    | Found Oxudyr's Assorted Antiques.
 25940 | Orc:1    | Bought a green potion for 24 gold pieces
 25940 | Orc:1    | Bought a glowing cloak for 202 gold pieces
 25940 | Orc:1    | Bought a scroll of identify for 54 gold pieces
 25940 | Orc:1    | Bought a potion of haste for 270 gold pieces
 26004 | Orc:1    | Found a radiant altar of Vehumet.
 26214 | Orc:2    | Entered Level 2 of the Orcish Mines
 26239 | Orc:2    | Reached skill level 12 in Fighting
 26341 | Orc:2    | Found Gankeh's General Store.
 26389 | Orc:2    | Found Eloc's Distillery.
 26443 | Orc:2    | Reached skill level 5 in Invocations
 26503 | Orc:2    | Bought a scroll of acquirement for 728 gold pieces
 26504 | Orc:2    | Acquired a +1 demon blade of electrocution
 26582 | Orc:2    | Reached skill level 10 in Shields
 26596 | Orc:2    | Reached skill level 10 in Dodging
 26627 | Orc:2    | Found Erphyfehu's Book Shop.
 26627 | Orc:2    | Found Igedor's Antique Weapon Boutique.
 26628 | Orc:2    | Found a one-way gate leading to the halls of Pandemonium.
 26852 | Orc:2    | Found a staircase to the Elven Halls.
 26912 | Orc:2    | Noticed an orc warlord
 26931 | Orc:2    | Killed an orc warlord
 27015 | Orc:2    | Gained mutation: When seriously injured, your blood forms
                  | very thick armour. (AC +12) [demonic ancestry]
 27015 | Orc:2    | Reached XP level 15. HP: 120/120 MP: 21/21
 27046 | Orc:2    | Gained mutation: You possess an exceptional clarity of
                  | mind. [Jiyva's grace]
 27046 | Orc:2    | Gained mutation: Your flesh is heat resistant. (rF+)
                  | [Jiyva's grace]
 27046 | Orc:2    | Gained mutation: Your flesh is very heat resistant. (rF++)
                  | [Jiyva's grace]
 27046 | Orc:2    | Gained mutation: Your flesh is almost immune to the effects
                  | of heat. (rF+++) [Jiyva's grace]
 27424 | Shoals:1 | Entered Level 1 of the Shoals
 27503 | Shoals:1 | Noticed a kraken
 27854 | Shoals:1 | Noticed Donald
 27891 | Shoals:1 | Killed a kraken
 27938 | Shoals:1 | Killed Donald
 28109 | Shoals:1 | Reached skill level 10 in Invocations
 29084 | Shoals:2 | Lost mutation: You are very agile. (Dex +8, Str/Int -2)
                  | [Jiyva's grace]
 29084 | Shoals:2 | Lost mutation: Your flesh is very cold resistant. (rC++)
                  | [Jiyva's grace]
 29084 | Shoals:2 | Gained mutation: You are strong-willed. (Will+) [Jiyva's
                  | grace]
 29084 | Shoals:2 | Gained mutation: You are highly strong-willed. (Will++)
                  | [Jiyva's grace]
 29084 | Shoals:2 | Gained mutation: You are extremely strong-willed. (Will+++)
                  | [Jiyva's grace]
 29084 | Shoals:2 | Gained mutation: You have a pair of large horns on your
                  | head. [Jiyva's grace]
 29448 | Shoals:3 | Noticed Mara
 29451 | Shoals:3 | Noticed AgateBread's illusion
 29472 | Shoals:3 | Killed Mara
 29473 | Shoals:3 | Mutation became permanent: You have a pair of horns on your
                  | head. [demonic ancestry]
 29473 | Shoals:3 | Gained mutation: You have a pair of large horns on your
                  | head. [demonic ancestry]
 29473 | Shoals:3 | Reached XP level 16. HP: 42/127 MP: 8/25
 29643 | Shoals:3 | Found Veeckog's General Store.
 29697 | Shoals:3 | Bought a scroll of immolation for 72 gold pieces
 30095 | Shoals:3 | Found a large runed translucent door.
 30095 | Shoals:3 | Found a large runed translucent door.
 30097 | Shoals:3 | Noticed nroviw's ghost (journeyman TrFi)
 30116 | Shoals:3 | Killed nroviw's ghost
 30388 | Shoals:4 | Entered Level 4 of the Shoals
 30514 | Shoals:4 | Identified the +8 chain mail "Derarep" {rF- rN+++ MP-9}
 30579 | Shoals:4 | Noticed a kraken
 30795 | Shoals:4 | Found Ugracwah's Gadget Gallery.
 30928 | Shoals:4 | Got a barnacled rune of Zot
 31087 | Shoals:4 | Identified the staff of cold "Neleuv" {rF+ rC+ MP-9 Stlth+}
 31226 | Shoals:4 | Lost mutation: Your flesh is almost immune to the effects
                  | of heat. (rF+++) [Jiyva's grace]
 31226 | Shoals:4 | Lost mutation: Your body has grown many eyes which may
                  | confuse attackers. (Acc +5) [Jiyva's grace]
 31226 | Shoals:4 | Gained mutation: Your muscles are strong. (Str +4, Int/Dex
                  | -1) [Jiyva's grace]
 31226 | Shoals:4 | Gained mutation: Your muscles are very strong. (Str +8,
                  | Int/Dex -2) [Jiyva's grace]
 31226 | Shoals:4 | Gained mutation: Your translucent skin slightly reduces
                  | your foes' accuracy. (Stealth+) [Jiyva's grace]
 31226 | Shoals:4 | Gained mutation: Your translucent skin reduces your foes'
                  | accuracy. (Stealth+) [Jiyva's grace]
 31231 | Shoals:4 | Reached skill level 15 in Invocations
 31691 | Shoals:4 | Identified the staff of death "Vefajouj" {rElec rN+ Will-
                  | Dex+4}
 32172 | Elf:1    | Entered Level 1 of the Elven Halls
 32183 | Elf:1    | Reached skill level 13 in Fighting
 32287 | Elf:1    | Found Guyhav's Jewellery Boutique.
 32287 | Elf:1    | Found Jarizet's Book Shop.
 32289 | Elf:1    | Found Kuwy's Antique Armour Boutique.
 32291 | Elf:1    | Found Zoshu's Armour Shop.
 32319 | Elf:1    | Bought a ring of poison resistance for 200 gold pieces
 32472 | Elf:1    | Reached skill level 14 in Fighting
 32787 | Elf:1    | Found Dedopuac's Magic Scroll Emporium.
 32884 | Elf:1    | Gained mutation: You are mostly covered in sharp spines.
                  | [demonic ancestry]
 32884 | Elf:1    | Reached XP level 17. HP: 124/127 MP: 28/28
 33404 | Elf:2    | Reached skill level 15 in Fighting
 33448 | Elf:2    | Found Qimaliho's Jewellery Boutique.
 34090 | Elf:2    | Found a huge runed translucent gate.
 34090 | Elf:2    | Found a huge runed translucent gate.
 34090 | Elf:2    | Found a huge runed translucent gate.
 34094 | Elf:2    | Found a huge runed translucent gate.
 34099 | Elf:2    | Found a huge runed translucent gate.
 34431 | Elf:2    | Reached skill level 10 in Evocations
 34802 | Elf:3    | Entered Level 3 of the Elven Halls
 34996 | Elf:3    | Reached skill level 16 in Fighting
 35005 | Elf:3    | Gained mutation: You frequently emit foul miasma when
                  | damaged in melee. [demonic ancestry]
 35005 | Elf:3    | Reached XP level 18. HP: 144/151 MP: 20/29
 35081 | Elf:3    | Lost mutation: Your flesh is cold resistant. (rC+) [Jiyva's
                  | grace]
 35081 | Elf:3    | Lost mutation: You are extremely strong-willed. (Will+++)
                  | [Jiyva's grace]
 35081 | Elf:3    | Lost mutation: You are highly strong-willed. (Will++)
                  | [Jiyva's grace]
 35081 | Elf:3    | Lost mutation: You are strong-willed. (Will+) [Jiyva's
                  | grace]
 35081 | Elf:3    | Lost mutation: Your muscles are very strong. (Str +8,
                  | Int/Dex -2) [Jiyva's grace]
 35081 | Elf:3    | Lost mutation: Your translucent skin reduces your foes'
                  | accuracy. (Stealth+) [Jiyva's grace]
 35081 | Elf:3    | Gained mutation: You are resistant to electric shocks.
                  | (rElec) [Jiyva's grace]
 35081 | Elf:3    | Gained mutation: You are robust. (+10% HP) [Jiyva's grace]
 35081 | Elf:3    | Gained mutation: You are very robust. (+20% HP) [Jiyva's
                  | grace]
 35081 | Elf:3    | Gained mutation: You are extremely robust. (+30% HP)
                  | [Jiyva's grace]
 35403 | Elf:3    | Identified the +8 falchion "Mifatum" {heavy, Int+3 Dex+2}
 35444 | Elf:3    | Identified the +9 war axe "Spiderslayer" {freeze, rElec
                  | rPois}
 35454 | Elf:3    | Noticed a Hell Sentinel
 35454 | Elf:3    | Identified the +0 leather armour "Gegarous" {+Blink rF+}
 35912 | Elf:3    | Shot with an arrow by a ghostly deep elf master archer

Illustrated notes

Levels and vault maps discovered:
D:1:      beargit_arrival_diablo_church, layout_basic, minmay_shallow_snake_nest
D:2:      layout_basic, grunt_ministairs_15
D:3:      layout_basic, amethyst_overflow_temple_binary,
          cheibrodos_sewer_entry_bend
D:4:      layout_loops_ring, gammafunk_ghost_arena, uniq_menkaure, uniq_pikel
D:5:      layout_cave_pools, serial_glass, glass_columns_b, glass_columns_b,
          uniq_blork_the_orc
D:6:      layout_basic, okawaru_trees_2, temple_green
D:7:      layout_cave_pods, kennysheep_donut
D:8:      nicolae_BIG_FREAKIN_CUBE, layout_cave_pods
D:9:      layout_gridville, minmay_lair_entry_grove
D:10:     layout_cave_pools, serial_ice, serial_ice_l, serial_ice_c,
          serial_ice_h, serial_ice_a, serial_shops, shop
D:11:     layout_gridville, minivault_11
D:12:     minmay_tile_spiral, layout_basic, uniq_nessos, uniq_kirke,
          uniq_maurice
Temple:   compressed_dpeg_triangle_lava_temple
Lair:1:   layout_chaotic_city, grunt_megastairs_1
Lair:2:   layout_hall_layers, minmay_stone_trees_large, serial_bayou_shore_b,
          infiniplex_staircase_pool, lemuel_fruit_tree
Lair:3:   layout_regular_city, elwin_shoals_entry_stream,
          spider_nest_entry_webs, serial_bayou, serial_bayou_lake_a,
          serial_bayou_pond_b, serial_bayou_shore_a, serial_bayou_pond_c,
          serial_bayou_pond_e
Lair:4:   layout_regular_city, slime_entry_1, portal_ice_cave_rime,
          grunt_megastairs_4
Lair:5:   grunt_lair_end_beastmaster, layout_regular_city, grunt_megastairs_2
Shoals:1: layout_shoals, uniq_donald
Shoals:2: layout_shoals, nicolae_shoals_drake_roost
Shoals:3: layout_shoals, ebering_ghost_disaster_area, serial_shops, shop,
          nicolae_shoals_undead_eyrie, uniq_mara
Shoals:4: shoals_end_hangedman, layout_shoals, nicolae_shop_gadgets
Orc:1:    layout_caves, basic_altar, serial_shops, shop
Orc:2:    pf_orc_diabolical, layout_caves
Elf:1:    minmay_elf_arrival_summoners, layout_gridlike, serial_shops, shop,
          hangedman_elven_crosses_minicolossus, minivault_26, minmay_shoptagon
Elf:2:    elven_hall_of_blades_hangedman_alternative
          [nicolae_blade_little_rooms], layout_geoelf_octagon, serial_shops,
          shop, eino_tiny_chamber
Elf:3:    minmay_elf_hall_spiked, layout_onion_city

Skill      XL: |  1  2  3  4  5  6  7  8  9 10 11 12 13 14 15 16 17 18 |
---------------+-------------------------------------------------------+-----
Dodging        | 3 4 5 6 8 10 12 13 14 | 14.3
Long Blades    | 3 4 5 6 8 9 10 12 13 14 | 14.2
Fighting       | 3 5 7 8 10 11 12 14 16 | 16.0
Armour         | 4 7 9 10 | 10.0
Evocations     | 4 8 10 11 | 11.9
Shields        | 2 6 8 10 | 10.0
Invocations    | 8 12 15 | 15.0
Throwing       | |  1.7

Action                     |  1- 3 |  4- 6 |  7- 9 | 10-12 | 13-15 | 16-18 || total
---------------------------+-------+-------+-------+-------+-------+-------++-------
  Melee: Long sword        |   109 |    91 |   198 |   555 |   612 |       ||  1565
         Headbutt          |       |    20 |    44 |   154 |   348 |   244 ||   810
         Punch             |       |     1 |     1 |     4 |       |       ||     6
         Demon blade       |       |       |       |       |   534 |  1004 ||  1538
  Throw: Throwing net      |       |     3 |       |       |     1 |       ||     4
         Javelin           |       |     1 |     3 |     2 |       |       ||     6
         Dart              |       |       |     3 |       |     5 |     3 ||    11
         Boomerang         |       |       |     7 |       |     2 |       ||     9
 Invoke: Oozemancy         |       |       |       |       |     6 |     6 ||    12
         Slimify           |       |       |       |       |     1 |     2 ||     3
  Evoke: Wand              |       |       |    12 |    34 |     7 |     2 ||    55
         Phantom mirror    |       |       |       |       |     5 |       ||     5
         Lightning rod     |       |       |       |       |    10 |     8 ||    18
    Use: Scroll            |     3 |       |     8 |    11 |    15 |     5 ||    42
         Potion            |       |     1 |     6 |     5 |     6 |     7 ||    25
   Stab: Held in net/web   |       |     1 |       |       |       |       ||     1
         Petrified         |       |       |       |     4 |     4 |       ||     8
         Confused          |       |       |       |       |    36 |    14 ||    50
         Petrifying        |       |       |       |       |     1 |       ||     1
 Armour: Leather armour    |    27 |       |       |       |       |       ||    27
         Ring mail         |    22 |    32 |    45 |   193 |   347 |   150 ||   789
         Chain mail        |       |       |       |       |       |   178 ||   178
  Dodge: Dodged            |    95 |    64 |   113 |   405 |   801 |   533 ||  2011
  Block: Buckler           |       |       |       |   157 |   676 |   481 ||  1314
         Reflection        |       |       |       |     4 |    91 |   100 ||   195
